 Dungeon Crawl Stone Soup version 0.26-a0-651-gb41185065b (webtiles) character file.

Game seed: 1519927370840473456

118 Ozzies the Skirmisher (level 5, -5/36 HPs)
             Began as a Gargoyle Fighter on Oct 3, 2020.
             Slain by Blork the orc
             ... wielding a +0 halberd
              (10 damage)
             ... on level 4 of the Dungeon.
             The game lasted 00:03:33 (3719 turns).

Ozzies the Skirmisher (Gargoyle Fighter)            Turns: 3719, Time: 00:03:33

Health: -5/36      AC: 10    Str: 21    XL:     5   Next: 2%
Magic:  5/5        EV:  7    Int:  4    God:
Gold:   149        SH:  9    Dex:  9    Spells: 4/4 levels left

rFire    . . .     SeeInvis .   a - +0 flail
rCold    + . .     Faith    .   c - +0 kite shield
rNeg     + . .     Spirit   .   b - +0 scale mail
rPois    ∞         Reflect  .   (no helmet)
rElec    +         Harm     .   (no cloak)
rCorr    .         Rampage  .   (no gloves)
MR       .....                  (no boots)
Stlth    ..........             (no amulet)
HPRegen  0.12/turn              r - -4 ring of intelligence (curse)
MPRegen  0.09/turn              t - ring of protection from cold

@: no status effects
A: negative energy resistance 1, electricity resistance, unbreathing,
petrification resistance, rot immunity, AC +4
a: no special abilities


You were on level 4 of the Dungeon.
You visited 1 branch of the dungeon, and saw 4 of its levels.

You collected 149 gold pieces.

Inventory:

Hand Weapons
 a - a +0 flail (weapon)
 l - a +0 short sword of speed
Missiles
 m - 41 poisoned darts (quivered)
Armour
 b - a +0 scale mail (worn)
 c - a +0 kite shield (worn)
 w - a +1 leather armour of fire resistance
Magical Staves
 u - an uncursed staff of conjuration
Jewellery
 r - a cursed -4 ring of intelligence (left hand)
 t - a ring of protection from cold (right hand)
Scrolls
 e - 2 scrolls of noise {unknown}
 f - a scroll of fear {unknown}
 h - 6 scrolls of identify {unknown}
 n - 4 scrolls of remove curse {unknown}
 q - 2 scrolls of teleportation {unknown}
 s - a scroll of enchant weapon {unknown}
 v - a scroll of magic mapping {unknown}
Potions
 d - a potion of might
 g - a potion of brilliance {unknown}
 i - a potion of flight {unknown}
 j - 3 potions of haste {unknown}
 k - 2 potions of ambrosia {unknown}
 o - 3 potions of curing {unknown}
 p - 2 potions of lignification {unknown}


   Skills:
 + Level 5.9 Fighting
 - Level 2.0 Maces & Flails
 - Level 3.5 Armour
 - Level 3.3 Shields


You had 4 spell levels left.
You didn't know any spells.
Your spell library was empty.

Dungeon Overview and Level Annotations

Branches:
Dungeon (4/15)
 Temple: D:4-7

Altars:
Cheibriados
Qazlal

Annotations:
D:4 Blork the orc


Innate Abilities, Weirdness & Mutations

You are resistant to torment.
Your stone body is resilient. (AC +4)
You are immune to poison.
You resist negative energy. (rN+)
You are resistant to electric shocks. (rElec)
You can survive without breathing.
You are immune to petrification.
You are immune to rotting.


Message History

Blork the orc is heavily wounded.
You block Blork the orc's attack.
Blork the orc points at you and mumbles some strange words.
The puff of flame hits you.
* * * LOW HITPOINT WARNING * * *
You hit Blork the orc.
Blork the orc is heavily wounded.
You block Blork the orc's attack. Blork the orc barely misses you.
You barely miss Blork the orc.
Blork the orc is heavily wounded.
Blork the orc hits you but does no damage.
You barely miss Blork the orc.
Blork the orc is heavily wounded.
Blork the orc looks braver for a moment.
Blork the orc hits you with a +0 halberd.
* * * LOW HITPOINT WARNING * * *
You hit Blork the orc but do no damage.
Blork the orc is heavily wounded.
Blork the orc hits you with a +0 halberd!
You die...

####.##..........# #.# #.
#........#.#...#.####.# #.
#.##.#...#...........<####.
# #...###.#..##.###...>...
###.....#...#.####.#####
###.###.#.#......#
#####.....#...######
........###.#.#
#.....o@....#.#
#.####....###.# #.##.....#
... ...?..# #.##..##.##...
# #.. ..#### #. ... .. ..##


You could see Blork the orc (fast).

Vanquished Creatures
  2 adders
  A white imp (D:2)
  3 worms (D:3)
  5 leopard geckos
  3 giant cockroaches
  12 hobgoblins
  8 jackals
  2 quokkas (D:2)
  A ball python (D:2)
  8 bats
  6 frilled lizards
  8 goblins
  10 kobolds
  5 rats
74 creatures vanquished.

Vanquished Creatures (others)
  5 plants (D:2)
5 creatures vanquished.

Grand Total: 79 creatures vanquished

Notes
Turn   | Place    | Note
-------+----------+-------------------------------------------
     0 | D:1      | Ozzies the Gargoyle Fighter began the quest for the Orb.
     0 | D:1      | Reached XP level 1. HP: 14/14 MP: 1/1
   151 | D:1      | Reached XP level 2. HP: 18/19 MP: 2/2
  1123 | D:2      | Reached skill level 4 in Fighting
  1232 | D:2      | Reached XP level 3. HP: 23/24 MP: 3/3
  1787 | D:2      | Reached skill level 5 in Fighting
  1798 | D:2      | Found a stormy altar of Qazlal.
  1961 | D:2      | Reached XP level 4. HP: 31/31 MP: 4/4
  3183 | D:3      | Reached XP level 5. HP: 35/36 MP: 5/5
  3382 | D:3      | Found a snail-covered altar of Cheibriados.
  3706 | D:4      | Noticed Blork the orc
  3719 | D:4      | Slain by Blork the orc

Illustrated notes

Levels and vault maps discovered:
D:1:      minmay_arrival_checkered_box, layout_basic
D:2:      wad_lake_hut, layout_basic, grunt_qazlal_clouds, serial_park_tiny_2,
          minmay_puff
D:3:      cheibrodos_helix_gallery, layout_loops_cross, cheibriados_altar_1,
          kennysheep_generic_room_14
D:4:      layout_loops_corners, hangedman_abyss_or_decor_stabs,
          uniq_blork_the_orc

Skill      XL: |  1  2  3 |
---------------+----------+-----
Fighting       | 4 5 |  5.9
Maces & Flails | |  2.0
Armour         | |  3.5
Shields        | |  3.3

Action                   |  1- 3 |  4- 6 || total
-------------------------+-------+-------++-------
Melee: Flail             |   146 |   138 ||   284
Armor: Scale mail        |    78 |    89 ||   167
Dodge: Dodged            |    51 |    55 ||   106
Block: Kite shield       |    83 |    84 ||   167

Table legend: (Time is in decaauts)
 A = Elapsed time spent in this place.
 B = Non-inter-level travel time spent in this place.
 C = Inter-level travel time spent in this place.
 D = Time resting spent in this place.
 E = Time spent auto-exploring this place.
 F = Levels seen in this place.
 G = Mean time per level.
                   A        B        C        D        E       F      G
               +--------+--------+--------+--------+--------+-----+--------+
         Total |   3876 |   3634 |    242 |      0 |   2989 |   4 |  969.0 |
       Dungeon |   3876 |   3634 |    242 |      0 |   2989 |   4 |  969.0 |
               +--------+--------+--------+--------+--------+-----+--------+

Top non-repeatable levels by time:
     D:2: 1651 daAuts
     D:1: 1121 daAuts
     D:3: 1017 daAuts
     D:4: 85 daAuts
